 Dungeon Crawl Stone Soup version 0.26.0-45-g9c1d065592 (webtiles) character file.

Game seed: 7932602394384530098

(classic levelgen) 15566 thiole the Blocker (level 12, -17/77 HPs)
             Began as an Octopode Hedge Wizard on Jan 31, 2021.
             Was an Initiate of Gozag.
             Killed from afar by an orc sorcerer (30 damage)
             ... with a bolt of fire
             ... on level 1 of the Orcish Mines.
             The game lasted 01:28:42 (22025 turns).

thiole the Blocker (Octopode Hedge Wizard)         Turns: 22025, Time: 01:28:43

Health: -17/77     AC:  3    Str:  9    XL:     12   Next: 28%
Magic:  9/21       EV: 17    Int: 20    God:    Gozag
Gold:   893        SH: 12    Dex: 19    Spells: 6/23 levels left

rFire    . . .     SeeInvis .   a - +6 dagger (speed)
rCold    . . .     Faith    .   M - +0 kite shield (curse)
rNeg     . . .     Spirit   .   P - +2 hat
rPois    .         Reflect  .   (no amulet)
rElec    +         Harm     .   v - ring of stealth
rCorr    .         Rampage  .   h - +6 ring of dexterity
Will     ++...                  w - ring of flight
Stlth    ++++++....             c - +4 ring of evasion
HPRegen  0.22/turn              j - ring of willpower
MPRegen  0.17/turn              (no ring)
                                (no ring)
                                (no ring)

@: gold aura, very slightly contaminated, invisible
A: almost no armour, stealthy swim, amphibious, 8 rings, constrict 8, camouflage
1, strong-willed 1, electricity resistance, gelatinous body 1
a: Renounce Religion, Evoke Flight, Potion Petition, Call Merchant, Bribe Branch


You were on level 1 of the Orcish Mines.
You worshipped Gozag.
Gozag was pleased with you.
You visited 3 branches of the dungeon, and saw 13 of its levels.
You also visited: Ossuary.

You collected 2697 gold pieces.
You spent 1360 gold pieces at shops.
You paid 444 gold pieces to Gozag.

Inventory:

Hand Weapons
 a - a +6 dagger of speed (weapon)
 H - the cursed +1 spear of Dumepp {vorpal, rPois}
   (You took it off an orc on level 5 of the Dungeon)

   It inflicts extra damage upon your enemies.
   It protects you from poison.
   It has a curse placed upon it.
Missiles
 k - 227 stones
 l - 246 arrows
 t - 35 sling bullets
 x - 7 javelins
Armour
 E - a +1 buckler
 M - a cursed +0 kite shield (worn)
 P - a +2 hat (worn)
Magical Staves
 b - an uncursed staff of conjuration
Jewellery
 c - a +4 ring of evasion (on tentacle)
 h - a +6 ring of dexterity (right tentacle)
 j - a ring of willpower (on tentacle)
 v - a ring of stealth (left tentacle)
 w - a ring of flight (on tentacle)
 T - the ring "Jaros" {*Tele rPois rC+ Dex+2}
   (You took it off an orc priest on level 9 of the Dungeon)

   [ring of teleportation]

   It may teleport you next to monsters.
   It affects your dexterity (+2).
   It protects you from cold.
   It protects you from poison.
Wands
 n - a wand of digging (6)
 u - a wand of flame (25)
 I - a wand of enslavement (7)
 J - a wand of paralysis (13)
 K - a wand of polymorph (11)
 N - a wand of iceblast (3)
Scrolls
 d - 3 scrolls of magic mapping
 f - 7 scrolls of identify
 g - 3 scrolls of fog
 o - a scroll of teleportation
 r - a scroll of amnesia
 s - 7 scrolls of remove curse
 C - a scroll of noise {unknown}
 G - a scroll of vulnerability {unknown}
 O - a scroll of summoning {unknown}
Potions
 e - 2 potions of curing
 i - 3 potions of mutation
 m - 2 potions of flight
 p - 3 potions of ambrosia
 q - a potion of resistance
 A - 2 potions of cancellation
 B - a potion of brilliance
 D - a potion of berserk rage
Miscellaneous
 L - a phial of floods
 Q - a phantom mirror


   Skills:
 - Level 5.0 Fighting
 - Level 8.0 Short Blades
 - Level 2.0 Dodging
 - Level 8.0 Stealth
 + Level 12.3 Shields
 - Level 6.0 Spellcasting
 - Level 2.0 Conjurations
 - Level 5.0 Hexes
 - Level 3.0 Summonings
 - Level 1.0 Translocations
 - Level 2.0 Fire Magic
 - Level 2.0 Air Magic
 - Level 4.0 Earth Magic
 - Level 2.0 Poison Magic
 + Level 3.0 Evocations


You had 6 spell levels left.
You knew the following spells:

 Your Spells              Type           Power        Failure   Level
a - Magic Dart            Conj           56%          6%          1
b - Call Imp              Summ           18%          6%          2
c - Blink                 Tloc           N/A          14%         2
d - Mephitic Cloud        Conj/Pois/Air  14%          19%         3
e - Stone Arrow           Conj/Erth      36%          13%         3
f - Tukima's Dance        Hex            26%          5%          3
g - Dazzling Flash        Conj/Hex       40%          11%         3

Your spell library contained the following spells:

 Spells                   Type           Power        Failure   Level
 Corona                   Hex            28%          1%          1
 Sandblast                Erth           44%          2%          1
 Slow                     Hex            26%          2%          2
 Summon Small Mammal      Summ           72%          4%          1
 Confusing Touch          Hex            26%          5%          3
 Ensorcelled Hibernation  Hex/Ice        32%          8%          2
 Apportation              Tloc           20%          10%         1
 Passwall                 Tmut/Erth      11%          10%         2
 Animate Skeleton         Necr           12%          14%         1
 Conjure Flame            Conj/Fire      14%          19%         3
 Petrify                  Tmut/Erth      14%          54%         4
 Lee's Rapid Deconstruct  Erth           11%          61%         5


Dungeon Overview and Level Annotations

Branches:
Dungeon (11/15)            Temple (0/1) D:6            Lair (1/6) D:11
    Orc (1/2) D:9         Ossuary (visited)

Altars:
Ashenzari
Elyvilon
Gozag
Hepliaklqana
Kikubaaqudgha
Makhleb
Nemelex Xobeh
Okawaru
Ru
Sif Muna
Trog
Wu Jian
Xom
Yredelemnul
Beogh

Shops:
D:11 }   Orc:1 *

Annotations:
D:4 Natasha
D:6 Eustachio
D:7 2 transporters


Innate Abilities, Weirdness & Mutations

You cannot wear most types of armour.
You are very stealthy in the water. (Stealth+)
You are amphibious.
You can wear up to eight rings at the same time.
You can use your tentacles to constrict eight enemies at once.
Your skin changes colour to match your surroundings (Stealth+).
Your rubbery body absorbs attacks. (AC +1, EV +1)
You are strong-willed. (Will+)
You are resistant to electric shocks. (rElec)


Message History

Your +1 dire flail of draining hits the ettin!
Your +1 dire flail of draining drains the ettin.
You catch the helpless ettin completely off-guard!
You impale the ettin!! You squeeze the ettin.
The ettin is almost dead.
You hit the ettin but do no damage.
You squeeze the ettin, but do no damage.
The ettin is almost dead.
You block the ettin's attack. The ettin barely misses you.
You hit the ettin but do no damage.
The ettin is almost dead.
You hit the ettin but do no damage.
The ettin is almost dead.
Your +1 dire flail of draining hits the ettin.
Your +1 dire flail of draining drains the ettin.
The ettin dies!
The orc sorcerer gestures at you while chanting.
The bolt of fire hits you!!
You die...
Your body crumbles into a pile of gold.

### ### ##.## ##.##
#...# #...####.#####
#######..##.##.#.#.##
##.##................#
#.............#.#.#.##
##.........#@..######
####........#$...#
##...........o(..##
#........4........#
#........3........## #
##............##...# $
###.......>......##.##
.#..........#...#####
...........#.....###


You could see an orc sorcerer and a friendly +1 dire flail of draining.

Vanquished Creatures
  Harold (D:11)
  A boulder beetle (D:11)
  4 two-headed ogres
  An orc sorcerer (Orc:1)
  An ugly thing (D:11)
  2 cyclopes (D:11)
  A manticore (D:11)
  A black mamba (D:11)
  Psyche (D:9)
  A komodo dragon (Lair:1)
  A troll (D:11)
  Grinder (D:3)
  A hornet (D:7)
  Sigmund (D:3)
  2 wyverns (D:11)
  10 yaks
  A steam dragon (D:10)
  3 sky beasts
  3 orc warriors
  An eye of draining (D:11)
  3 ice beasts
  2 black bears
  A phantom (D:8)
  2 necrophages
  3 centaurs
  5 ogres
  6 bullfrogs
  2 water moccasin skeletons
  4 scorpions
  5 killer bees
  12 wights
  7 electric eels (D:11)
  3 howler monkeys
  3 jellies
  A bullfrog zombie (D:11)
  3 hounds
  6 orc priests
  3 centaur skeletons
  Natasha (twice) (D:4)
  An iguana (D:9)
  13 orc wizards
  12 worker ants
  A hound skeleton (D:4)
  2 hound zombies
  2 gnolls (D:5)
  A howler monkey skeleton (D:8)
  10 adders
  A white imp (D:8)
  An ufetubus (D:5)
  3 oozes
  2 adder skeletons (D:5)
  3 worms
  A leopard gecko (D:1)
  38 orcs
  5 giant cockroaches
  A gnoll zombie (Ossuary)
  4 goblins
  10 hobgoblins
  6 jackals
  14 kobolds
  9 quokkas
  A ball python (D:2)
  8 bats
  8 frilled lizards
  2 gnoll skeletons (Ossuary)
  2 goblin skeletons (Ossuary)
  A goblin zombie (Ossuary)
  A hobgoblin zombie (Ossuary)
  3 kobold skeletons (Ossuary)
  3 kobold zombies (Ossuary)
  3 orc skeletons (Ossuary)
  2 orc zombies (Ossuary)
  5 rats
  3 rat skeletons (Ossuary)
  2 rat zombies (Ossuary)
295 creatures vanquished.

Vanquished Creatures (collateral kills)
  An ettin (Orc:1)
  2 two-headed ogres
  A hornet (D:9)
  A yak (D:7)
  Menkaure (Ossuary)
  An orc warrior (D:6)
  A necrophage (D:9)
  4 ogres
  A bullfrog (D:9)
  A scorpion (D:8)
  A wight (D:8)
  3 howler monkeys
  A jelly (D:7)
  An orc priest (D:4)
  2 orc wizards (D:4)
  2 worker ants
  3 mummies (Ossuary)
  A worker ant zombie (D:6)
  6 adders
  A gnoll (D:5)
  A worm (D:3)
  14 orcs
  2 gnoll zombies (Ossuary)
  A jackal (D:6)
  A gnoll skeleton (Ossuary)
  4 goblin skeletons (Ossuary)
  2 goblin zombies (Ossuary)
  2 hobgoblin skeletons (Ossuary)
  4 hobgoblin zombies (Ossuary)
  A kobold zombie (Ossuary)
  2 orc skeletons (Ossuary)
  3 orc zombies (Ossuary)
  2 rat skeletons (Ossuary)
  2 rat zombies (Ossuary)
76 creatures vanquished.

Vanquished Creatures (others)
  A cyclops (D:11)
  6 dancing weapons
  A hobgoblin skeleton (Ossuary)
  An orc zombie (Ossuary)
  17 fungi
  20 plants
  A withered plant (D:9)
47 creatures vanquished.

Grand Total: 418 creatures vanquished

Notes
Turn   | Place    | Note
-------+----------+-------------------------------------------
     0 | D:1      | thiole the Octopode Hedge Wizard began the quest for the
                  | Orb.
     0 | D:1      | Reached XP level 1. HP: 11/11 MP: 4/4
   310 | D:1      | Reached XP level 2. HP: 17/17 MP: 1/6
   598 | D:1      | Learned a level 2 spell: Call Imp
  1010 | D:1      | Reached XP level 3. HP: 21/21 MP: 7/7
  1358 | D:2      | Found a broken altar of Ashenzari.
  1694 | D:2      | Learned a level 2 spell: Blink
  1698 | D:2      | Learned a level 3 spell: Mephitic Cloud
  1702 | D:2      | Found a sparkling altar of Nemelex Xobeh.
  1787 | D:2      | Found an ancient bone altar of Kikubaaqudgha.
  2647 | D:3      | Reached XP level 4. HP: 27/27 MP: 7/9
  2668 | D:3      | Found a bloodstained altar of Trog.
  2749 | D:3      | Noticed Sigmund
  2759 | D:3      | Killed Sigmund
  2760 | D:3      | Reached skill level 1 in Poison Magic
  2760 | D:3      | Reached XP level 5. HP: 27/34 MP: 6/11
  2827 | D:3      | Reached XP level 6. HP: 38/39 MP: 8/12
  3022 | D:3      | Reached skill level 1 in Short Blades
  3221 | D:3      | Found a shimmering altar of Xom.
  3286 | D:3      | Noticed Grinder
  3318 | D:3      | Paralysed by Grinder for 3 turns
  3327 | D:3      | Killed Grinder
  3768 | D:3      | Reached XP level 7. HP: 45/45 MP: 13/13
  4215 | D:4      | Noticed Natasha
  4222 | D:4      | Killed Natasha
  4227 | D:4      | Found a sand-covered staircase.
  4236 | Ossuary  | Entered an ossuary
  4829 | Ossuary  | Learned a level 3 spell: Conjure Flame
  4987 | Ossuary  | Noticed Menkaure
  5014 | Ossuary  | Killed Menkaure
  5015 | Ossuary  | Reached skill level 5 in Stealth
  5881 | D:4      | Learned a level 3 spell: Tukima's Dance
  6150 | D:4      | Reached skill level 5 in Spellcasting
  6307 | D:4      | Reached skill level 1 in Hexes
  6538 | D:4      | Noticed Natasha
  6549 | D:4      | Killed Natasha
  6550 | D:4      | Reached XP level 8. HP: 35/50 MP: 11/15
  6959 | D:4      | Found an opulent altar of Gozag.
  6965 | D:4      | Became a worshipper of Gozag Ym Sagoz the Greedy
  7768 | D:5      | Entered Level 5 of the Dungeon
  7846 | D:5      | Found an ornate altar of the Wu Jian Council.
  7866 | D:5      | Identified the cursed +1 spear of Dumepp {vorpal, rPois}
  8253 | D:5      | Learned a level 3 spell: Dazzling Flash
  8259 | D:5      | Found a hazy altar of Hepliaklqana.
  8503 | D:5      | Found a white marble altar of Elyvilon.
  8620 | D:5      | Reached skill level 1 in Fire Magic
  9264 | D:5      | Reached skill level 2 in Shields
  9533 | D:5      | Found a shimmering blue altar of Sif Muna.
  9890 | D:4      | Noticed Natasha
 10018 | D:6      | Found a staircase to the Ecumenical Temple.
 10027 | D:6      | Reached skill level 3 in Shields
 10428 | D:6      | Reached XP level 9. HP: 58/58 MP: 5/16
 10440 | D:6      | Reached skill level 4 in Shields
 10820 | D:6      | Found an iron altar of Okawaru.
 11097 | D:6      | Found a sacrificial altar of Ru.
 11136 | D:6      | Noticed Eustachio
 11753 | D:6      | Reached skill level 5 in Short Blades
 11930 | D:7      | Found a transporter.
 11934 | D:7      | Noticed a two-headed ogre
 11935 | D:7      | Found a roughly hewn altar of Beogh.
 11935 | D:7      | Found a transporter.
 12583 | D:7      | Found a burning altar of Makhleb.
 12585 | D:7      | Found a basalt altar of Yredelemnul.
 12589 | D:7      | Noticed a hornet
 13912 | D:8      | Reached skill level 5 in Fighting
 13912 | D:8      | Reached skill level 5 in Hexes
 14845 | D:7      | Killed a hornet
 14846 | D:7      | Reached skill level 5 in Shields
 14846 | D:7      | Reached XP level 10. HP: 39/66 MP: 12/19
 15354 | D:9      | Reached skill level 6 in Shields
 15483 | D:9      | Found a staircase to the Orcish Mines.
 15652 | D:9      | Paralysed by a hornet for 1 turns
 16170 | D:9      | Noticed Psyche
 16177 | D:9      | Killed Psyche
 16178 | D:9      | Reached skill level 7 in Shields
 16330 | D:9      | Identified the ring "Jaros" {*Tele rPois rC+ Dex+2}
 16750 | D:9      | Gained mutation: Your body sometimes deteriorates upon
                  | taking damage. [potion of mutation]
 16750 | D:9      | Gained mutation: You expend magic power (3 MP) to
                  | strengthen your wands. [potion of mutation]
 16751 | D:9      | Lost mutation: You expend magic power (3 MP) to strengthen
                  | your wands. [potion of mutation]
 16751 | D:9      | Lost mutation: Your body sometimes deteriorates upon taking
                  | damage. [potion of mutation]
 16751 | D:9      | Gained mutation: You are strong-willed. (Will+) [potion of
                  | mutation]
 16751 | D:9      | Gained mutation: You are resistant to electric shocks.
                  | (rElec) [potion of mutation]
 16783 | D:10     | Entered Level 10 of the Dungeon
 17030 | D:10     | Noticed a two-headed ogre
 17046 | D:10     | Killed a two-headed ogre
 17122 | D:10     | Noticed a two-headed ogre
 17297 | D:10     | Learned a level 3 spell: Stone Arrow
 17311 | D:10     | Reached skill level 8 in Shields
 17370 | D:10     | Reached skill level 1 in Earth Magic
 17415 | D:10     | Noticed a two-headed ogre
 17464 | D:10     | Killed a two-headed ogre
 17712 | D:10     | Killed a two-headed ogre
 17713 | D:10     | Reached skill level 9 in Shields
 17713 | D:10     | Reached XP level 11. HP: 71/71 MP: 8/20
 18156 | D:11     | Noticed a two-headed ogre
 18218 | D:11     | Killed a two-headed ogre
 18648 | D:11     | Noticed a two-headed ogre
 18663 | D:11     | Noticed a manticore
 18669 | D:11     | Killed a two-headed ogre
 18672 | D:11     | Noticed a cyclops
 18673 | D:11     | Noticed a cyclops
 18681 | D:11     | Killed a manticore
 18690 | D:11     | Reached skill level 10 in Shields
 18693 | D:11     | Killed a cyclops
 18916 | D:11     | Noticed Harold
 18950 | D:11     | Noticed a boulder beetle
 18986 | D:11     | Killed Harold
 19671 | D:11     | Reached skill level 11 in Shields
 19772 | D:11     | Found a staircase to the Lair.
 19817 | D:11     | Noticed a cyclops
 19837 | D:11     | Killed a cyclops
 19842 | D:11     | Noticed a cyan ugly thing
 19886 | D:11     | Killed a cyan ugly thing
 20127 | D:11     | Reached XP level 12. HP: 77/77 MP: 17/21
 20305 | D:11     | Found Ginol's Gadget Shoppe.
 20405 | D:11     | Killed a boulder beetle
 20762 | Lair:1   | Entered Level 1 of the Lair of Beasts
 20784 | D:11     | Reached skill level 12 in Shields
 21061 | D:11     | Bought a phial of floods for 680 gold pieces
 21061 | D:11     | Bought a phantom mirror for 680 gold pieces
 21114 | Lair:1   | Reached skill level 1 in Evocations
 21261 | Lair:1   | Noticed a six-headed hydra
 21267 | Lair:1   | Noticed a seven-headed hydra
 21471 | Orc:1    | Entered Level 1 of the Orcish Mines
 21471 | Orc:1    | Found Woifassuefo's Mayhem Merchandise.
 21515 | Orc:1    | Noticed a two-headed ogre
 21537 | Orc:1    | Killed a two-headed ogre
 21998 | Orc:1    | Noticed an ettin
 22025 | Orc:1    | Killed an ettin
 22025 | Orc:1    | Killed from afar by an orc sorcerer

Illustrated notes

Levels and vault maps discovered:
D:1:      enne_arrival_octagon_isle, layout_loops_ring, minmay_tetromino_s4
D:2:      layout_basic, ashenzari_conservatory_becter, kiku_gazebo_pond_becter,
          nicolae_overflow_crystal_walls, minmay_misc_feat_tiny
D:3:      minmay_inner_zag, layout_basic, marbit_many_paths, bloody_trog,
          amcnicky_mini_pool_small, uniq_sigmund, uniq_grinder
D:4:      layout_gridville, nicolae_ossuary_entry_monument,
          nicolae_gozag_cash_rules_everything_around_me, uniq_natasha
D:5:      layout_loops_corners, elyvilon_altar_1, lemuel_blue_sif_altar,
          lemuel_coloured_pillars_altar, lemuel_altar_in_water
D:6:      layout_cave_pods, overflow_temple_1_default, old_standard_altar,
          minmay_temple_entry_junction_2, uniq_eustachio
D:7:      gammafunk_beogh_shrine, layout_basic,
          chequers_temple_overflow_statue_of_worship, serial_rivers,
          chequers_serial_rivers_micro_a, chequers_serial_rivers_micro_a,
          chequers_serial_rivers_room_a, chequers_serial_rivers_marsh,
          chequers_serial_rivers_small_3, chequers_serial_rivers_micro_b,
          minmay_chambers_of_fives
D:8:      layout_basic
D:9:      layout_irregular_city, david_orc_3, serial_undead, serial_undead_e,
          serial_undead_b, serial_undead_f, serial_undead_b,
          minmay_misc_feat_diagonals, uniq_psyche
D:10:     layout_big_octagon
D:11:     layout_basic, grunt_lair_entry_orc_guard_hut, serial_shops,
          kennysheep_mini, minmay_joined_circles, uniq_harold
Lair:1:   layout_regular_city, cheibrodos_lair_reptile_den,
          serial_bayou_shore_a, infiniplex_staircase_pool_2
Orc:1:    layout_caves, minmay_shop_mayhem, minmay_orc_temple_b

Skill      XL: |  1  2  3  4  5  6  7  8  9 10 11 12 |
---------------+-------------------------------------+-----
Conjurations   | 2 |  2.0
Summonings     | 2 3 |  3.0
Stealth        | 3 4 5 8 |  8.0
Spellcasting   | 4 5 6 |  6.0
Fighting       | 2 4 5 |  5.0
Air Magic      | 2 |  2.0
Poison Magic   | 1 2 |  2.0
Short Blades   | 3 6 8 |  8.0
Hexes          | 2 4 5 |  5.0
Fire Magic     | 2 |  2.0
Shields        | 3 5 9 11 12 | 12.3
Earth Magic    | 3 4 |  4.0
Evocations     | 3 |  3.0
Dodging        | |  2.0
Translocations | |  1.0

Action                   |  1- 3 |  4- 6 |  7- 9 | 10-12 || total
-------------------------+-------+-------+-------+-------++-------
Melee: Dagger            |    36 |    63 |   311 |   379 ||   789
       Constrict         |     7 |    14 |    53 |    54 ||   128
       Tentacles         |     6 |    12 |    74 |    83 ||   175
 Cast: Magic Dart        |    56 |    35 |   224 |   134 ||   449
       Call Imp          |     3 |    15 |   102 |    41 ||   161
       Dazzling Flash    |       |       |    13 |    22 ||    35
       Tukima's Dance    |       |       |    12 |    22 ||    34
       Mephitic Cloud    |       |       |     8 |    43 ||    51
       Blink             |       |       |     2 |     1 ||     3
       Stone Arrow       |       |       |       |    24 ||    24
Invok: Potion Petition   |       |       |       |     1 ||     1
Evoke: Wand              |       |       |     1 |    18 ||    19
  Use: Scroll            |       |       |    18 |    21 ||    39
       Potion            |       |       |     4 |    15 ||    19
 Stab: Sleeping          |     4 |     3 |    10 |     5 ||    22
       Distracted        |       |     1 |     4 |     1 ||     6
       Invisible         |       |       |     8 |     8 ||    16
       Confused          |       |       |     2 |    16 ||    18
       Paralysed         |       |       |       |     1 ||     1
Armor: Skin              |     4 |     4 |     8 |    41 ||    57
Dodge: Dodged            |    21 |    32 |   128 |   109 ||   290
Block: Buckler           |       |       |     6 |    71 ||    77
       Kite shield       |       |       |       |     6 ||     6
